Map: Dreamcatcher LE

Players

lIIllllIIlll (INnoVation)

  • Race: Terran Terran
  • League: Master
  • Spawn Location: 5:00

soO - Winner!

  • Race: Zerg Zerg
  • League: Master
  • Spawn Location: 11:00

Event: HomeStory Cup XVII

VOD

Have the link to the VOD?

Description

Time

  • Played on: July 1, 2018, 7:13 p.m.
  • Length: 8:39

All games in this series

Show
View Real Time Build Order
Export as new Build Order

lIIllllIIlll Terran 

Build Orders: MMM Bio 

Get SALT Encoding   

  12  0:00  SCV  
  13  0:13  SCV  
  14  0:18  Supply Depot  
  14  0:25  SCV  
  15  0:40  Barracks  
  15  0:51  Barracks  
  15  0:54  SCV  
  16  1:06  SCV  
  16  1:08  Refinery  
  17  1:18  SCV  
  18  1:27  Marine  
  18  1:30  Orbital Command  
  18  1:40  Marine  
  18  1:44  Marine  
  18  1:54  Supply Depot  
  18  1:56  SCV  
  18  1:59  Reaper  
  20  2:08  SCV  
  21  2:20  SCV  
  22  2:23  Command Center  
  22  2:32  SCV  
  22  2:34  Factory  
  23  2:44  SCV  
  24  2:57  SCV  
  25  3:07  Command Center  
  25  3:09  SCV  
  26  3:18  Factory Reactor  
  26  3:21  SCV  
  27  3:33  SCV  
  28  3:37  Barracks Tech Lab  
  28  3:45  SCV  
  29  3:52  Orbital Command  
  29  3:56  Hellion x2, Stimpack, Marine  
  29  3:57  SCV  
  35  4:04  Barracks Reactor  
  35  4:09  SCV  
  36  4:10  Refinery  
  36  4:13  Refinery  
  36  4:17  Hellion  
  36  4:18  Hellion, SCV  
  36  4:20  Orbital Command  
  36  4:21  SCV  
  42  4:24  Marine  
  42  4:30  SCV  
  44  4:33  SCV  
  44  4:35  Engineering Bay  
  44  4:38  Engineering Bay  
  45  4:42  SCV  
  46  4:45  Marine, SCV  
  46  4:46  Factory Reactor, Marine x2  
  46  4:48  SCV  
  51  4:54  SCV  
  51  4:58  SCV  
  53  5:03  Supply Depot  
  53  5:04  Terran Infantry Armor Level 1, Terran Infantry Weapons Level 1  
  53  5:05  SCV  
  53  5:06  SCV  
  55  5:10  Starport, SCV  
  55  5:13  Marine  
  55  5:14  Marine  
  56  5:15  Refinery  
  56  5:16  Marine  
  56  5:19  SCV x2  
  60  5:22  SCV  
  60  5:25  Supply Depot  
  61  5:33  SCV x2  
  61  5:34  SCV  
  61  5:35  Marine  
  64  5:36  Marine  
  64  5:39  Barracks  
  64  5:42  Supply Depot  
  66  5:45  SCV x2  
  66  5:46  Factory Tech Lab  
  64  5:54  Marine x3  
  64  5:56  Medivac x2  
  68  5:57  SCV x2  
  68  6:03  Combat Shields  
  69  6:05  Orbital Command, Supply Depot  
  69  6:06  Siege Tank  
  69  6:09  SCV x2  
  74  6:13  Marine x2  
  74  6:14  Marine  
  77  6:21  SCV x2, Barracks  
  77  6:23  Armory  
  79  6:29  Barracks  
  79  6:31  SCV  
  79  6:32  Marine x4  
  83  6:33  SCV x2  
  83  6:35  Marine  
  83  6:39  Supply Depot  
  87  6:40  Supply Depot  
  87  6:43  SCV  
  87  6:45  SCV x2  
  90  6:57  SCV x3  
  90  7:00  Marine x5, Siege Tank  
  101  7:02  Supply Depot  
  101  7:05  Supply Depot  
  101  7:06  Command Center  
  101  7:10  Barracks Reactor  
  101  7:17  Barracks Reactor, SCV x3  
  101  7:21  Refinery  
  104  7:26  Supply Depot  
  104  7:29  Supply Depot  
  104  7:30  SCV x2  
  104  7:35  Missile Turret  
  104  7:36  Marine  
  104  7:37  Marine x3  
  101  7:42  Missile Turret, SCV x3  
  99  7:51  Thor  
  99  7:54  SCV x2  
  99  7:55  SCV  
  99  7:56  Missile Turret  
  107  8:06  SCV  
  107  8:07  Missile Turret, SCV x2  
  110  8:16  Factory  
  110  8:17  Refinery  
  110  8:18  SCV  
  110  8:19  SCV x2  
Show
View Real Time Build Order
Export as new Build Order

soO Zerg - Winner!

Build Orders: Hatch First, Muta Ling Bane 

Get SALT Encoding   

  12  0:00  Drone  
  13  0:12  Overlord  
  13  0:17  Drone  
  14  0:30  Drone x2  
  14  0:34  Drone  
  17  0:50  Hatchery  
  17  0:54  Drone  
  17  1:09  Spawning Pool  
  17  1:11  Drone  
  17  1:14  Drone  
  19  1:18  Drone  
  19  1:41  Drone  
  19  1:42  Overlord  
  20  1:56  Queen  
  22  2:02  Queen  
  22  2:03  Drone  
  22  2:04  Drone  
  22  2:06  Drone  
  27  2:11  Drone  
  27  2:15  Drone  
  29  2:28  Drone x2  
  31  2:38  Queen  
  31  2:40  Hatchery  
  31  2:41  Overlord  
  32  2:45  Zergling x2  
  32  2:46  Drone  
  32  2:48  Drone  
  35  2:54  Drone  
  36  3:01  Drone  
  36  3:03  Extractor  
  36  3:04  Drone  
  36  3:05  Drone, Extractor  
  37  3:06  Drone  
  37  3:10  Drone  
  37  3:11  Overlord  
  37  3:12  Drone x2  
  41  3:14  Drone  
  41  3:17  Queen  
  44  3:22  Overlord  
  44  3:29  Drone  
  44  3:30  Drone  
  44  3:31  Drone  
  47  3:35  Drone  
  47  3:37  Drone x2  
  50  3:41  Drone x2  
  50  3:47  Metabolic Boost, Drone x3  
  55  3:52  Drone x2  
  57  3:56  Evolution Chamber  
  57  3:58  Evolution Chamber  
  57  3:59  Queen  
  57  4:03  Drone x3  
  57  4:09  Lair  
  60  4:10  Drone  
  60  4:14  Overlord  
  60  4:16  Drone x2  
  63  4:17  Drone  
  63  4:18  Drone  
  63  4:21  Drone  
  66  4:25  Overlord  
  66  4:30  Overlord  
  66  4:31  Extractor  
  65  4:32  Drone x4, Extractor  
  65  4:37  Zergling x2  
  69  4:38  Zergling x2  
  69  4:41  Zerg Ground Armor Level 1  
  69  4:44  Zergling x2  
  71  4:46  Overlord, Drone x2  
  71  4:48  Drone  
  74  4:56  Drone x4, Zerg Melee Weapons Level 1  
  74  4:59  Drone  
  79  5:01  Extractor x2  
  77  5:09  Drone x3  
  77  5:13  Hatchery  
  79  5:16  Drone  
  79  5:17  Baneling Nest  
  79  5:18  Drone  
  79  5:19  Zergling x2  
  79  5:20  Zergling x8  
  85  5:21  Spire  
  85  5:24  Overlord  
  85  5:25  Zergling x2  
  85  5:26  Zergling x2  
  86  5:32  Overlord  
  86  5:35  Drone x2  
  88  5:42  Hatchery  
  83  5:51  Zergling x18  
  83  5:52  Zergling x4  
  92  5:58  Overlord  
  92  6:00  Drone  
  92  6:01  Zergling x6  
  96  6:06  Overlord  
  96  6:07  Centrifical Hooks  
  96  6:10  Overlord  
  96  6:13  Baneling x8  
  96  6:18  Zergling x4  
  98  6:21  Drone  
  98  6:24  Zergling x2  
  98  6:25  Zergling x2  
  100  6:33  Drone x3  
  100  6:37  Mutalisk x8  
  119  6:41  Drone x2  
  119  6:42  Drone  
  119  6:46  Overlord  
  122  6:49  Zergling x2  
  122  6:51  Overseer  
  123  6:54  Overlord  
  123  6:56  Drone x3  
  123  6:58  Zergling x8  
  130  7:02  Drone  
  130  7:05  Zergling x10, Extractor  
  133  7:21  Drone  
  133  7:22  Drone x3  
  137  7:24  Zergling x12  
  137  7:25  Zergling x2  
  137  7:27  Overlord  
  144  7:31  Mutalisk x2  
  148  7:38  Zergling x2  
  148  7:39  Zergling x16  
  157  7:44  Overlord  
  157  7:48  Overlord  
  157  7:55  Baneling x4  
  157  7:56  Baneling x13  
  157  7:57  Zergling x10  
  162  8:00  Zergling x2  
  162  8:01  Zergling x8  
  162  8:03  Drone x2  
  162  8:04  Drone x3  
  172  8:06  Infestation Pit  
  172  8:10  Zergling x2  
  172  8:11  Zergling x4  
  172  8:12  Baneling x2  
  174  8:13  Baneling x10  
  174  8:15  Zergling x6  
  177  8:25  Hatchery  
Tags
 
Add a new tag
Caveats
  • Supply blocks, unpowered buildings, or Contaminate may cause inaccurate times.
  • Supply counts are checked every 10 seconds.